 Dungeon Crawl Stone Soup version 0.31-a0-217-g58bb5d79cf (webtiles) character file.

Game seed: 9940289884631420420

1212 qw the Skirmisher (level 8, -10/71 HPs)
             Began as a Minotaur Hexslinger on July 2, 2023.
             Mangled by an orc warrior
             ... wielding a +0 broad axe
              (13 damage)
             ... on level 6 of the Dungeon.
             The game lasted 00:01:52 (4596 turns).

qw the Skirmisher (Minotaur Hexslinger)             Turns: 4596, Time: 00:01:52

Health: -10/71     AC:  7    Str: 13    XL:     8   Next: 22%
Magic:  8/8        EV: 12    Int: 10    God:
Gold:   128        SH:  0    Dex: 15    Spells: 8/9 levels left

rFire   + . .        Y - +3 sling
rCold   . . .        (no shield)
rNeg    + . .        g - +2 leather armour {rPois}
rPois   +            (helmet restricted)
rElec   .            (no cloak)
rCorr   .            n - +1 pair of gloves
SInv    .            (no boots)
Will    .....        l - amulet of regeneration
Stlth   +            a - ring of positive energy
HPRegen 1.11/turn    k - ring of protection from fire
MPRegen 0.11/turn

%: no passive effects
@: no status effects
A: horns 2, retaliatory headbutt
a: no special abilities


You were on level 6 of the Dungeon.
You visited 2 branches of the dungeon, and saw 7 of its levels.

You collected 288 gold pieces.
You spent 160 gold pieces at shops.


Innate Abilities, Weirdness & Mutations

You have a pair of horns on your head.
You reflexively headbutt those who attack you in melee.


   Skills:
 - Level 6.4 Fighting
 + Level 9.0 Ranged Weapons
 - Level 1.1 Armour
 - Level 3.0 Dodging
 - Level 1.0 Spellcasting
 - Level 2.0 Hexes


You had 8 spell levels left.
You knew the following spells:

 Your Spells              Type           Power      Damage    Failure   Level
a - Slow                  Hex            16%        N/A       19%         1

Your spell library contained the following spells:

 Spells                   Type           Power      Damage    Failure   Level
 Inner Flame              Hex/Fire       2%         N/A       65%         3
 Portal Projectile        Hex/Tloc       4%         N/A       65%         3
 Cause Fear               Hex            2%         N/A       88%         4

Inventory:

Hand Weapons
 Y - a +3 sling (weapon)
Armour
 g - a +2 leather armour of poison resistance (worn)
 j - the +1 ring mail of Liberalism {+Inv rF- rC+ Dex+4}
   (You found it on level 3 of the Dungeon)

   Dex:       It affects your dexterity (+4).
   rF:        It makes you vulnerable to fire.
   rC:        It protects you from cold.
   +Inv:      It lets you turn invisible.
 n - a +1 pair of gloves (worn)
Jewellery
 a - a ring of positive energy (left hand)
 k - a ring of protection from fire (right hand)
 l - an amulet of regeneration (around neck)
 m - a ring of positive energy
Scrolls
 b - a scroll of identify
Potions
 f - a potion of might {unknown}
 h - 2 potions of curing

Dungeon Overview and Level Annotations

Branches:
Dungeon (6/15)             Temple (1/1) D:5

Altars:
Ashenzari
Cheibriados
Dithmenos
Elyvilon
Fedhas
Gozag
Hepliaklqana
Kikubaaqudgha
Makhleb
Nemelex Xobeh
Qazlal
Ru
Sif Muna
Wu Jian
Xom
Yredelemnul
Zin
The Shining One

Shops:
D:5 *


Message History

The centaur shoots an arrow.
The arrow barely misses you.
You shoot a sling bullet.
The sling bullet barely misses the orc warrior.
The centaur shoots an arrow.
The arrow hits you!
The orc warrior hits you with a +0 broad axe!
4589 ||| DRINKING potion of heal wounds.
You feel much better.
The centaur shoots an arrow.
The arrow hits you!
The orc warrior hits you with a +0 broad axe.
The centaur shoots an arrow.
The arrow hits you!
You shoot a sling bullet. The sling bullet hits the orc warrior.
The orc warrior is moderately wounded.
The centaur shoots an arrow.
The arrow barely misses you.
The orc warrior hits you with a +0 broad axe.
You shoot a sling bullet.
The sling bullet barely misses the orc warrior.
The centaur shoots an arrow.
The arrow hits you but does no damage.
The orc warrior hits you with a +0 broad axe!
You shoot a sling bullet. The sling bullet hits the centaur.
The centaur is heavily wounded.
The centaur unwields a +0 shortbow.
The centaur barely misses you. The centaur closely misses you.
The orc warrior hits you with a +0 broad axe!
You shoot a sling bullet.
The sling bullet barely misses the centaur.
The centaur closely misses you. The centaur kicks you.
The orc warrior hits you but does no damage.
You shoot a sling bullet. The sling bullet hits the centaur.
The centaur is severely wounded.
The centaur hits you.
The centaur kicks you but does no damage.
You shoot a sling bullet. The sling bullet hits the centaur!
You kill the centaur!
The orc warrior completely misses you.
Your Fighting skill increases to level 6!
You shoot a sling bullet.
The sling bullet hits the orc warrior but does no damage.
The orc warrior is moderately wounded.
The orc warrior hits you with a +0 broad axe!
You die...

##...#}...}#.....#
##..###....(###.#.#
#...#.(..<.)..#.#.#
#.#%###.....###...#
#.#...#}...}#.....#
#..<..###.###.....#
#####...#.#.......#
#.....###.......#
#.###.........@o##.#
#.#
##...##+#)#).....#
#.#
#>.........###.###
#.###.#####.#o.# #
#.....# #.#...#
####### #.#.#c#
#.#..o). #.#[..#)#
#.#..o..#


You could see an orc warrior and an orc wizard.

Vanquished Creatures
  A water moccasin (D:5)
  A centaur (D:6)
  2 phantoms
  5 scorpions
  A killer bee (D:5)
  2 howler monkeys
  2 jellies (D:4)
  3 iguanas (D:5)
  A sleepcap (D:4)
  An orc wizard (D:6)
  4 gnolls (D:5)
  15 adders
  A river rat (D:3)
  4 worms
  2 dart slugs
  4 orcs
  10 endoplasms
  4 goblins
  6 hobgoblins
  4 jackals (D:2)
  7 quokkas
  10 ball pythons
  7 bats
  3 frilled lizards
  3 kobolds
  2 rats (D:2)
  A butterfly (D:5)
106 creatures vanquished.

Notes
Turn   | Place    | Note
-------+----------+-------------------------------------------
     0 | D:1      | qw the Minotaur Hexslinger began the quest for the Orb.
     0 | D:1      | Reached XP level 1. HP: 16/16 MP: 1/1
     0 | D:1      | 0 ||| qw: Version: 0.3-a-40-ge99b1a8
     0 | D:1      | 0 ||| qw: Game counter: 7973
     0 | D:1      | 0 ||| qw: Melee chars always use a shield: true
     0 | D:1      | 0 ||| qw: God list: Okawaru
     0 | D:1      | 0 ||| qw: Allow faded altars: false
     0 | D:1      | 0 ||| qw: Do Orc after clearing Dungeon:15 true
     0 | D:1      | 0 ||| qw: Do second Lair branch before Depths: true
     0 | D:1      | 0 ||| qw: Lair rune preference: random
     0 | D:1      | 0 ||| qw: Goals: Normal
     0 | D:1      | 0 ||| PLANNING D:1-11
   192 | D:1      | Found a faded altar of an unknown god.
   232 | D:1      | Reached skill level 3 in Ranged Weapons
   240 | D:1      | Reached XP level 2. HP: 23/23 MP: 2/2
   563 | D:1      | 563 ||| UPGRADING to +0 ring mail.
   573 | D:1      | 573 ||| DROPPING +0 robe.
   574 | D:1      | 574 ||| READING scroll labelled JOKHLI HOIXIVAU.
   575 | D:1      | 575 ||| DROPPING scroll of poison.
   811 | D:2      | Reached XP level 3. HP: 29/29 MP: 3/3
   881 | D:2      | 881 ||| FLEEEEING.
   885 | D:2      | 885 ||| FLEEEEING.
   899 | D:2      | 899 ||| FLEEEEING.
   900 | D:2      | 900 ||| FLEEEEING.
  1418 | D:2      | 1418 ||| DROPPING amulet of magic regeneration.
  1419 | D:2      | 1419 ||| UPGRADING to ring of positive energy.
  1420 | D:2      | 1420 ||| READING scroll labelled MOIBBI MYTI.
  1421 | D:2      | 1421 ||| READING 2 scrolls labelled NYLENO OPLO.
  1422 | D:2      | 1422 ||| DROPPING scroll of fog.
  1437 | D:3      | 1437 ||| PLANNING SEWER
  1459 | D:3      | Reached skill level 4 in Ranged Weapons
  1500 | D:3      | Reached skill level 1 in Armour
  1502 | D:3      | HP: 5/29 [worm (8)]
  1600 | D:3      | Found a stormy altar of Qazlal.
  1718 | D:3      | Reached XP level 4. HP: 28/36 MP: 4/4
  1881 | D:3      | Reached skill level 5 in Ranged Weapons
  2100 | D:3      | 2100 ||| RIP SEWER
  2132 | D:3      | Identified the +1 ring mail of Liberalism {+Inv rF- rC+
                  | Dex+4}
  2134 | D:3      | 2134 ||| PLANNING D:1-11
  2206 | D:3      | Reached skill level 3 in Fighting
  2206 | D:3      | Reached XP level 5. HP: 45/45 MP: 5/5
  2577 | D:3      | 2577 ||| DROPPING scarf of shadows.
  2578 | D:3      | 2578 ||| UPGRADING to +1 ring mail of Liberalism {+Inv rF-
                  | rC+ Dex+4}.
  2588 | D:3      | 2588 ||| UPGRADING to ring of positive energy.
  2589 | D:3      | 2589 ||| READING scroll labelled JEASEE CIRAYQ.
  2590 | D:3      | 2590 ||| READING scroll labelled VEEREH RIRHOEGO.
  2591 | D:3      | 2591 ||| READING 4 scrolls of identify.
  2591 | D:3      | 2591 ||| IDENTIFYING pink potion
  2592 | D:3      | 2592 ||| READING 3 scrolls of identify.
  2592 | D:3      | 2592 ||| IDENTIFYING fuming coppery potion
  2593 | D:3      | 2593 ||| READING 2 scrolls of identify.
  2593 | D:3      | 2593 ||| IDENTIFYING ruby potion
  2594 | D:3      | 2594 ||| DROPPING potion of berserk rage.
  2595 | D:3      | 2595 ||| DROPPING potion of brilliance.
  2751 | D:4      | Reached skill level 6 in Ranged Weapons
  2836 | D:4      | Reached XP level 6. HP: 51/51 MP: 6/6
  2976 | D:4      | 2976 ||| READING scroll of enchant weapon.
  2976 | D:4      | 2976 ||| ENCHANTING +2 sling.
  3451 | D:4      | 3451 ||| UPGRADING to +0 pair of gloves.
  3456 | D:4      | 3456 ||| READING scroll of enchant armour.
  3456 | D:4      | 3456 ||| ENCHANTING +0 pair of gloves.
  3457 | D:4      | 3457 ||| UPGRADING to amulet of the acrobat.
  3462 | D:4      | 3462 ||| UPGRADING to amulet of regeneration.
  3472 | D:4      | 3472 ||| DROPPING amulet of the acrobat.
  3473 | D:4      | 3473 ||| UPGRADING to ring of protection from fire.
  3475 | D:4      | 3475 ||| READING scroll labelled HYZOANK VEEDU.
  3476 | D:4      | 3476 ||| DRINKING 2 dark potions.
  3477 | D:4      | 3477 ||| DRINKING 3 emerald potions.
  3478 | D:4      | 3478 ||| DROPPING potion of attraction.
  3534 | D:5      | Entered Level 5 of the Dungeon
  3546 | D:5      | Found a staircase to the Ecumenical Temple.
  3548 | D:5      | 3548 ||| PLANNING TEMPLE
  3559 | Temple   | Entered the Ecumenical Temple
  3662 | Temple   | 3662 ||| PLANNING D:1-11
  3709 | D:5      | Reached skill level 7 in Ranged Weapons
  3748 | D:5      | Reached XP level 7. HP: 60/60 MP: 7/7
  4002 | D:5      | Found Joidghov's Serpentskin Sales.
  4009 | D:5      | Reached skill level 8 in Ranged Weapons
  4038 | D:5      | 4038 ||| BUYING +2 leather armour of poison resistance (160
                  | gold).
  4038 | D:5      | Bought a +2 leather armour of poison resistance for 160
                  | gold pieces
  4038 | D:5      | 4038 ||| SHOPLISTING ring of poison resistance (200 gold,
                  | have 114).
  4097 | D:5      | Found a shadowy altar of Dithmenos.
  4393 | D:5      | 4393 ||| DROPPING +0 ring mail.
  4394 | D:5      | 4394 ||| UPGRADING to +2 leather armour of poison
                  | resistance.
  4404 | D:5      | 4404 ||| READING scroll labelled UROXAO XUUWYG.
  4429 | D:6      | 4429 ||| STAIRDANCE
  4435 | D:5      | Reached skill level 3 in Dodging
  4452 | D:5      | Reached skill level 9 in Ranged Weapons
  4452 | D:5      | Reached XP level 8. HP: 21/68 MP: 8/8
  4580 | D:6      | 4580 ||| Stepping ~*~*~tactically~*~*~ (outnumbered).
  4588 | D:6      | HP: 8/70 [orc warrior/+0 broad axe (10)]
  4589 | D:6      | 4589 ||| DRINKING potion of heal wounds.
  4592 | D:6      | HP: 3/70 [orc warrior/+0 broad axe (9)]
  4594 | D:6      | HP: 1/70 [centaur (3)]
  4596 | D:6      | Reached skill level 6 in Fighting
  4596 | D:6      | Mangled by an orc warrior

Levels and vault maps discovered:
D:1:      nicolae_arrival_somewhat_less_tricky_arrival, layout_rooms,
          hellmonk_ecumenical_altar_blasted, grunt_decor_mini_mirrors
D:2:      layout_loops_ring
D:3:      layout_basic, lemuel_tele_altar, gup_sewer_entry_bowl,
          minmay_snake_closets
D:4:      layout_cave_pods
D:5:      layout_loops_ring, kennysheep_mini, minmay_temple_entry_butterflies,
          guppyfry_shop_venom
D:6:      layout_basic, nicolae_fountain_basement
Temple:   kb_temple_of_zot

Skill      XL: |  1  2  3  4  5  6  7  8 |
---------------+-------------------------+-----
Ranged Weapons | 3 4 5 6 7 9 |  9.0
Fighting       | 2 3 4 5 6 |  6.4
Armour         | 1 |  1.1
Dodging        | 3 |  3.0
Spellcasting   | |  1.0
Hexes          | |  2.0

Action                     |  1- 3 |  4- 6 |  7- 9 || total
---------------------------+-------+-------+-------++-------
   Fire: Sling             |   128 |   165 |   104 ||   397
    Use: Scroll            |     3 |     8 |     1 ||    12
         Potion            |       |     2 |     1 ||     3
 Armour: Ring mail         |    19 |    27 |     4 ||    50
         Leather armour    |       |       |    33 ||    33
  Dodge: Dodged            |    44 |    47 |    83 ||   174

Table legend:
 A = Non-vault XP
 B = Vault XP
 C = Vault XP percentage of total XP
 D = Non-vault monster count
 E = Vault monster count
 F = Vault count percentage of total count
                 A         B        C        D         E       F
            +---------+---------+-------+---------+---------+-------
      Total |    1117 |     615 |  35.5 |      84 |      21 |  20.0
            +---------+---------+-------+---------+---------+-------
        D:1 |      15 |       0 |   0.0 |       9 |       0 |   0.0
        D:2 |      47 |       0 |   0.0 |      22 |       0 |   0.0
        D:3 |      36 |     118 |  76.6 |      15 |      14 |  48.3
        D:4 |     316 |       0 |   0.0 |      18 |       0 |   0.0
        D:5 |     415 |     497 |  54.5 |      14 |       7 |  33.3
        D:6 |     288 |       0 |   0.0 |       6 |       0 |   0.0
            +---------+---------+-------+---------+---------+-------
